 Dungeon Crawl Stone Soup version 0.32-a0-42-ga30500b4d3 (webtiles) character file.

Game seed: 18299030975895637094

175 kae the Ruffian (level 5, -2/40 HPs)
             Began as a Demonspawn Shapeshifter on Jan 30, 2024.
             Was an Initiate of Qazlal.
             Slain by an iguana (9 damage)
             ... on level 3 of the Dungeon.
             The game lasted 00:01:16 (2387 turns).

kae the Ruffian (Demonspawn Shapeshifter)           Turns: 2387, Time: 00:01:16

Health: -2/40      AC:  3    Str: 15    XL:     5   Next: 29%
Magic:  5/5        EV: 12    Int: 10    God:    Qazlal [......]
Gold:   112        SH:  0    Dex: 14    Spells: 4/4 levels left

rFire   + .          .
                       - Unarmed
rCold   + . .        (no shield)
rNeg    . . .        a - +0 animal skin
rPois   +            (helmet currently unavailable)
rElec   +            (cloak currently unavailable)
rCorr   +            (gloves currently unavailable)
SInv    .            (boots currently unavailable)
Will    .....        (no amulet)
Stlth   +            (no ring)
HPRegen 0.26/turn    (no ring)
MPRegen 0.09/turn

%: no passive effects
@: beast-form, resistant
A: beast (slay +2), rugged brown scales 1, weakness stinger 1
a: Begin Untransformation, Renounce Religion


You were on level 3 of the Dungeon.
You worshipped Qazlal.
Qazlal was noncommittal.
You were a hulking beast.
You visited 1 branch of the dungeon, and saw 3 of its levels.

You collected 112 gold pieces.


Innate Abilities, Weirdness & Mutations

You are a hulking beast.
Your limbs bulge with bestial killing power. (Slay +2)
You are partially covered in rugged brown scales. (AC +1, +3% HP)
You have a small tail.


   Skills:
 + Level 2.3 Fighting
 - Level 1.7 Dodging
 * Level 4.0 Unarmed Combat
 * Level 3.8 Shapeshifting


You had 4 spell levels left.
You didn't know any spells.
Your spell library was empty.

Inventory:

Missiles
 f - 26 stones (quivered)
Armour
 a - a +0 animal skin (worn)
 p - a +0 pair of boots
   (You found it on level 3 of the Dungeon)
Jewellery
 g - an amulet of magic regeneration
   (You found it on level 1 of the Dungeon)
 v - a ring of see invisible
   (You found it on level 3 of the Dungeon)
 N - a ring of positive energy
   (You found it on level 2 of the Dungeon)
Talismans
 c - a beast talisman
 d - a flux talisman
Scrolls
 e - 3 scrolls of identify {unknown}
 h - a scroll of revelation {unknown}
 i - a scroll of noise {unknown}
 k - a scroll of enchant weapon {unknown}
 m - a scroll of teleportation {unknown}
 q - a scroll of amnesia {unknown}
Potions
 b - a potion of lignification {!q}
 j - a potion of berserk rage {!q}
 l - a potion of resistance
 n - a potion of haste {unknown}

Dungeon Overview and Level Annotations

Branches:
Dungeon (3/15) Zot: 15611

Altars:
Qazlal
Ru

........# #.# ###.#
.#.####.# ######.# #.# .#.#
#.# #...)..# #.. .#.# #.#
#.###### #.# .#.# #.#
#.######## .#.# #.#
#........# #≈_
†..####.#####........# #..
##...................### #.≈
#.###...#####..hl...... #..
#...............>...### #.≈
##)###...#####..÷....# #..
........## #.......# #.≈
##.######
####.#############.. #.#
#.##........##≈.≈ #.#
#.##.######.#..≈. #.#
#.##.######.#.#.. #.#
############................


You could see an iguana.


Message History

You hit the ogre. 😕 HP[-7]
You take 7 damage, and now have 26/33 hp.
MASSIVE DAMAGE!! (PAUSE)
You barely miss the ogre.
The ogre hits you with a +0 giant club!!
Ouch! That really hurt!
* * * LOW HITPOINT WARNING * * *
😱 HP[-23]
You take 23 damage, and now have 3/33 hp.
MASSIVE DAMAGE!! (PAUSE)
You hit the ogre. You tail-slap the ogre.
Unknown command.
Okay, then.
Attack: -) Nothing wielded
Press: ? - help, Dir - move target, f - ogre
Aim: an ogre, wielding a +0 giant club (heavily wounded, about 21% to evade your hands)
Okay, then.
Okay, then.
Throw: 26 stones
Press: ? - help, Q - select action Shift-Dir - straight line, f - ogre
Aim: an ogre, wielding a +0 giant club (heavily wounded, 74% to hit)
Okay, then.
Okay, then.
It was a potion of berserk rage.
A red film seems to cover your vision as you go berserk!
You feel yourself moving faster!
You feel mighty! The ogre closely misses you. 😱 HP[+2]
You now have 49 max hp (+16).
You regained 2 hp, and now have 5/49 hp.
You punch the ogre!
You kill the ogre!
Qazlal accepts your kill.
Your Unarmed Combat skill increases to level 4!
You have reached level 5! 😱 HP[+2] MP[+1]
You now have 60 max hp (+11).
You regained 2 hp, and now have 7/60 hp.
Your mp is fully restored (5).
You start resting.
You feel a strong urge to attack something.
Unknown command.
Calm down first, please.
Calm down first, please.
Unknown command.
Calm down first, please.
Unknown command.
Calm down first, please.
You start resting.
You feel your anger nearly subside.
You are no longer berserk.
You are exhausted.
You feel yourself slow down. 😱 HP[-2]
You now have 40 max hp (-20).
You feel yourself speed up.
You recover from your berserk rage.
Key pressed, stopping explore.
Unknown command. 😕 HP[+34]
You regained 34 hp, and now have 39/40 hp.
An iguana comes into view. 😎 HP[+1]
Your hp is fully restored (40).
An iguana is nearby!
An iguana is nearby!
An iguana is nearby!
The iguana bites you.
You hit the iguana. 😕 HP[-2]
You take 2 damage, and now have 38/40 hp.
You closely miss the iguana. The iguana bites you!
You hit the iguana. The iguana bites you!
* * * LOW HITPOINT WARNING * * *
An iguana is nearby! 😨 HP[-22]
You take 22 damage, and now have 16/40 hp.
MASSIVE DAMAGE!! (PAUSE)
You barely miss the iguana. The iguana bites you.
* * * LOW HITPOINT WARNING * * *
😨 HP[-3]
You take 3 damage, and now have 13/40 hp.
You hit the iguana but do no damage. The iguana bites you.
* * * LOW HITPOINT WARNING * * *
😨 HP[-2]
You take 2 damage, and now have 11/40 hp.
You closely miss the iguana. The iguana bites you!
* * * LOW HITPOINT WARNING * * *
Unknown command. 😱 HP[-6]
You take 6 damage, and now have 5/40 hp.
You barely miss the iguana. The iguana barely misses you.
It was a potion of curing.
You feel better. The iguana bites you.
* * * LOW HITPOINT WARNING * * *
😱 HP[+2]
You regained 2 hp, and now have 7/40 hp.
It was a potion of resistance.
You feel protected.
The iguana hisses menacingly.
The iguana bites you!
You die...

Skill      XL: |  1  2  3  4 |
---------------+-------------+-----
Unarmed Combat | 3 4 |  4.0
Shapeshifting  | 3 |  3.8
Fighting       | 2 |  2.3
Dodging        | |  1.7

Action                     |  1- 3 |  4- 6 || total
---------------------------+-------+-------++-------
  Melee: Unarmed           |   134 |    46 ||   180
         Punch             |     1 |       ||     1
         Tailslap          |       |     2 ||     2
    Use: Potion            |       |     3 ||     3
   Stab: Sleeping          |     1 |     2 ||     3
 Armour: Animal skin       |    56 |    28 ||    84
  Dodge: Dodged            |    74 |    19 ||    93

Levels and vault maps discovered:
D:1:      roderic_octagonal_star, layout_loops_ring
D:2:      layout_basic, basic_altar, feat_on_display
D:3:      layout_loops_ring, nicolae_ru_path_of_blood

Notes
Turn   | Place    | Note
-------+----------+-------------------------------------------
     0 | D:1      | kae the Demonspawn Shapeshifter began the quest for the
                  | Orb.
     0 | D:1      | Reached XP level 1. HP: 15/15 MP: 1/1
     0 | D:1      | magus.rc [v1.11.3]
   262 | D:1      | Gained mutation: You are partially covered in rugged brown
                  | scales. (AC +1, +3% HP) [demonic ancestry]
   262 | D:1      | Reached XP level 2. HP: 15/21 MP: 2/2
   299 | D:1      | Reached skill level 3 in Unarmed Combat
   493 | D:1      | Reached skill level 3 in Shapeshifting
   799 | D:2      | Reached XP level 3. HP: 26/26 MP: 3/3
   997 | D:2      | Found a stormy altar of Qazlal.
  1175 | D:2      | Became a worshipper of Qazlal Stormbringer
  1363 | D:2      | Gained mutation: You have a small tail. [demonic ancestry]
  1363 | D:2      | Reached XP level 4. HP: 20/33 MP: 4/4
  1885 | D:3      | Found a sacrificial altar of Ru.
  1985 | D:3      | Reached skill level 2 in Fighting
  2234 | D:3      | Noticed an ogre
  2241 | D:3      | HP: 3/33 [ogre/+0 giant club (23)]
  2244 | D:3      | Killed an ogre
  2245 | D:3      | Reached skill level 4 in Unarmed Combat
  2245 | D:3      | Reached XP level 5. HP: 7/40 MP: 5/5
  2384 | D:3      | HP: 5/40 [iguana (7)]
  2387 | D:3      | Slain by an iguana

Vanquished Creatures
  An ogre (D:3)
  3 adders
  3 dart slugs
  2 ribbon worms (D:2)
  5 ball pythons
  7 endoplasms
  5 giant cockroaches
  3 goblins
  4 hobgoblins
  5 kobolds
  9 bats
  4 frilled lizards
  6 rats
57 creatures vanquished.

Table legend:
 A = Non-vault XP
 B = Vault XP
 C = Vault XP percentage of total XP
 D = Non-vault monster count
 E = Vault monster count
 F = Vault count percentage of total count
                 A         B        C        D         E       F
            +---------+---------+-------+---------+---------+-------
      Total |     251 |       0 |   0.0 |      57 |       0 |   0.0
            +---------+---------+-------+---------+---------+-------
        D:1 |      26 |       0 |   0.0 |      16 |       0 |   0.0
        D:2 |      75 |       0 |   0.0 |      26 |       0 |   0.0
        D:3 |     150 |       0 |   0.0 |      15 |       0 |   0.0
            +---------+---------+-------+---------+---------+-------

Skill      XL: |  1  2  3  4 |
---------------+-------------+-----
Unarmed Combat | 3 4 |  4.0
Shapeshifting  | 3 |  3.8
Fighting       | 2 |  2.3
Dodging        | |  1.7

Action                     |  1- 3 |  4- 6 || total
---------------------------+-------+-------++-------
  Melee: Unarmed           |   134 |    46 ||   180
         Punch             |     1 |       ||     1
         Tailslap          |       |     2 ||     2
    Use: Potion            |       |     3 ||     3
   Stab: Sleeping          |     1 |     2 ||     3
 Armour: Animal skin       |    56 |    28 ||    84
  Dodge: Dodged            |    74 |    19 ||    93

Illustrated notes

Table legend:
 A = Kills in this place as a percentage of kills in the entire game.
 B = Kills by you in this place as a percentage of kills by you in the entire game.
 C = Kills by friends in this place as a percentage of kills by friends in the entire game.
 D = Other kills in this place as a percentage of other kills in the entire game.
 E = Experience gained in this place as a percentage of experience gained in the entire game.
 F = Experience gained in this place divided by the number of levels of this place that you have seen.
                   A       B       C       D       E      F
               +-------+-------+-------+-------+-------+----------------------
         Total | 100.0 | 100.0 |   N/A |   N/A | 100.0 |  83.7
       Dungeon | 100.0 | 100.0 |   N/A |   N/A | 100.0 |  83.7
               +-------+-------+-------+-------+-------+----------------------

Table legend: (Time is in decaauts)
 A = Elapsed time spent in this place.
 B = Non-inter-level travel time spent in this place.
 C = Inter-level travel time spent in this place.
 D = Time resting spent in this place.
 E = Time spent auto-exploring this place.
 F = Levels seen in this place.
 G = Mean time per level.
                   A        B        C        D        E       F      G
               +--------+--------+--------+--------+--------+-----+--------+
         Total |   2387 |   2320 |     67 |     19 |   1885 |   3 |  795.7 |
       Dungeon |   2387 |   2320 |     67 |     19 |   1885 |   3 |  795.7 |
               +--------+--------+--------+--------+--------+-----+--------+

Top non-repeatable levels by time:
     D:2: 987 daAuts
     D:1: 771 daAuts
     D:3: 629 daAuts
